Map: Lerilak Crest

Players

LilDicky - Winner!

  • Race: Terran Terran
  • League: Diamond

Zerg

  • Race: Zerg Zerg
  • League: Diamond

VOD

http://www.twitch.tv/tumescentpie

Description

Time

  • Played on: Dec. 26, 2015, 11:23 p.m.
  • Length: 8:25
Show
View Real Time Build Order
Export as new Build Order

LilDicky Terran - Winner!

Build Orders: Command Center First (CC), MMM Bio 

Get SALT Encoding   

  12  0:01  SCV  
  13  0:13  SCV  
  14  0:25  SCV  
  14  0:26  Supply Depot  
  15  0:48  SCV  
  16  0:59  Command Center  
  16  1:00  SCV  
  17  1:16  Barracks  
  17  1:18  SCV  
  18  1:30  SCV  
  19  1:42  SCV  
  20  1:58  SCV  
  20  2:01  Command Center  
  21  2:07  Marine  
  22  2:13  Orbital Command  
  23  2:16  Orbital Command  
  22  2:35  Marine  
  23  2:38  Barracks  
  23  2:40  Barracks  
  23  2:41  Orbital Command  
  23  2:43  SCV  
  24  2:52  Marine  
  24  2:56  SCV, Supply Depot  
  26  3:10  Marine  
  27  3:14  SCV  
  27  3:15  Orbital Command  
  27  3:19  Barracks  
  28  3:25  Barracks  
  28  3:27  Barracks, Marine x2  
  28  3:28  Marine  
  28  3:30  SCV  
  28  3:32  SCV  
  33  3:42  SCV, Refinery x2  
  33  3:44  SCV, Marine  
  36  3:49  SCV, Marine  
  36  3:50  Marine  
  36  3:54  SCV  
  40  3:57  SCV  
  40  4:02  Marine  
  42  4:06  Marine  
  42  4:08  Marine  
  45  4:15  Marine  
  45  4:17  Barracks Tech Lab x2  
  45  4:20  Marine  
  45  4:21  SCV  
  46  4:24  Marine  
  46  4:27  Bunker  
  46  4:29  Bunker  
  47  4:32  Marine  
  47  4:33  Marine  
  47  4:37  SCV x3  
  47  4:38  Marine  
  53  4:39  Marine  
  53  4:42  Stimpack  
  52  5:03  Marine x2  
  52  5:06  Marine x2  
  56  5:08  Marine  
  56  5:10  Combat Shields  
  56  5:12  Marauder  
  59  5:18  Barracks  
  59  5:21  Barracks, Marine  
  59  5:22  Supply Depot  
  60  5:28  Supply Depot  
  60  5:34  Barracks Tech Lab x2  
  60  5:35  Barracks Tech Lab  
  60  5:41  SCV  
  61  5:44  Marauder  
  61  5:46  Supply Depot  
  63  5:54  Marine  
  63  5:55  Supply Depot, Marauder x2, Marine x2  
  63  5:56  Concussive Shells  
  70  6:03  SCV, Refinery  
  70  6:04  Refinery  
  71  6:05  Marauder  
  73  6:12  Barracks Reactor x2  
  73  6:13  Marauder x2  
  73  6:16  Marauder x2, Marine  
  82  6:26  Marine  
  82  6:27  Orbital Command  
  71  6:51  SCV x2  
  70  6:56  Marauder, Marine x2  
  70  6:58  Marine x2  
  70  6:59  Supply Depot, Marauder x2  
  80  7:03  Supply Depot, Factory, SCV x2, Marine x2  
  80  7:04  Marauder  
  80  7:07  SCV  
  87  7:14  Marine x2  
  89  7:15  SCV  
  89  7:16  SCV  
  89  7:18  Marauder  
  89  7:20  SCV  
  89  7:21  Marauder x2  
  89  7:22  Marine  
  100  7:23  Marauder  
  100  7:24  Marine  
  100  7:25  Marauder  
  100  7:27  Supply Depot  
  100  7:28  SCV  
  100  7:29  SCV  
  106  7:30  Supply Depot  
  106  7:33  SCV, Marine x2, Supply Depot  
  109  7:54  Starport, Factory Reactor  
  109  7:57  Supply Depot  
  109  7:58  Supply Depot, Marine x4  
  111  8:00  Marine  
  111  8:01  Marauder x2, Marine x2  
  111  8:02  Marauder  
Show
View Real Time Build Order
Export as new Build Order

Zerg Zerg 

Build Orders: Hatch First 

Get SALT Encoding   

  12  0:01  Drone  
  13  0:12  Overlord  
  13  0:17  Drone  
  14  0:31  Drone x2  
  16  0:38  Drone  
  17  0:54  Hatchery  
  16  1:07  Extractor  
  16  1:09  Spawning Pool  
  15  1:11  Drone  
  15  1:15  Drone  
  16  1:19  Drone  
  17  1:27  Drone  
  18  1:33  Drone  
  19  1:45  Overlord  
  19  1:55  Queen  
  19  1:57  Zergling x2  
  22  2:07  Drone x2  
  22  2:08  Queen  
  26  2:15  Metabolic Boost  
  26  2:18  Drone x2  
  29  2:30  Drone x2  
  30  2:41  Drone  
  30  2:42  Drone  
  30  2:43  Roach Warren  
  31  2:50  Drone x2  
  33  3:02  Drone  
  34  3:07  Drone  
  34  3:08  Drone  
  34  3:10  Hatchery  
  35  3:18  Drone, Overlord  
  35  3:19  Overlord  
  36  3:31  Overlord  
  36  3:32  Overlord  
  36  3:33  Overlord  
  37  3:38  Roach x3  
  43  3:44  Roach  
  43  3:45  Roach  
  47  3:53  Roach  
  49  3:57  Extractor x2  
  49  3:58  Zergling x12  
  53  4:03  Extractor  
  52  4:22  Drone x7  
  59  4:27  Drone x3  
  62  4:37  Lair  
  62  4:56  Hatchery  
  55  5:01  Roach x5  
  55  5:02  Roach x3  
  55  5:04  Ravager x2  
  71  5:07  Drone  
  71  5:13  Drone  
  73  5:21  Roach  
  75  5:28  Drone  
  75  5:30  Overlord  
  75  5:35  Glial Reconstitution  
  76  5:38  Overlord  
  76  5:39  Overlord x2  
  76  5:40  Overlord  
  76  5:43  Overlord  
  76  6:05  Drone x4  
  76  6:06  Drone x2  
  76  6:08  Queen  
  76  6:09  Drone x3  
  76  6:10  Drone  
  88  6:17  Evolution Chamber  
  87  6:19  Evolution Chamber  
  86  6:26  Roach x5  
  77  6:52  Roach x8  
  83  6:55  Extractor  
  83  6:56  Extractor  
  81  7:05  Hydralisk Den  
  80  7:29  Drone x4  
  85  7:30  Drone x7  
  85  7:36  Hydralisk x4  
  97  7:43  Hatchery  
  99  7:45  Overlord  
  99  7:46  Overlord x2  
Tags
 
Add a new tag
Caveats
  • Supply blocks, unpowered buildings, or Contaminate may cause inaccurate times.
  • Supply counts are checked every 10 seconds.